 Dungeon Crawl Stone Soup version 0.17.2-1-ge4368a0 (webtiles) character file.

312 magog001 the Ducker (level 6, -3/39 HPs)
             Began as an Octopode Transmuter on Sept 30, 2016.
             Was a Believer of Nemelex Xobeh.
             Killed from afar by an orc wizard (6 damage)
             ... with a magic dart
             ... on level 4 of the Dungeon.
             The game lasted 00:26:46 (4606 turns).

magog001 the Ducker (Octopode Transmuter)           Turns: 4606, Time: 00:26:47

Health: -3/39      AC:  1    Str:  9    XL:     6   Next: 42%
Magic:  9/9        EV: 14    Int: 15    God:    Nemelex Xobeh [**....]
Gold:   139        SH:  0    Dex: 15    Spells: 3 memorised, 3 levels left

rFire  . . .     SeeInvis .     p - -1 dagger (curse)
rCold  . . .     Clarity  .     (no shield)
rNeg   . . .     SustAt   .     (helmet restricted)
rPois  .         Gourm    .     (no amulet)
rElec  .         Spirit   .     (no ring)
rCorr  .         Warding  .     (no ring)
rMut   .         Stasis   .     (no ring)
MR     .....                    (no ring)
Stlth  ++++......               (no ring)
                                (no ring)
                                (no ring)
                                (no ring)

@: lethally poisoned (-3 -> -14), not resistant to hostile enchantments,
stealthy
A: almost no armour, amphibious, 8 rings, constrict 8, camouflage 1, gelatinous
body 1
a: Renounce Religion


You were on level 4 of the Dungeon.
You worshipped Nemelex Xobeh.
Nemelex Xobeh was pleased with you.
You were hungry.

You visited 1 branch of the dungeon, and saw 4 of its levels.

You collected 139 gold pieces.

Inventory:

Hand Weapons
 g - a +0 dagger
 h - a +0 dagger
 p - a cursed -1 dagger (weapon)
 q - a +1 hunting sling
 u - a +1 short sword of electrocution
 A - a +0 war axe
 B - a +4 quarterstaff of chaos
Missiles
 a - 39 arrows
 c - 8 bolts
 d - 67 stones (quivered)
 j - 11 poisoned needles
 l - 17 sling bullets of frost
Armour
 r - a +2 animal skin
 s - a +1 helmet
 C - a +0 cloak
Wands
 i - a wand of slowing (37)
Scrolls
 x - a scroll of recharging {unknown}
 y - a scroll of amnesia {unknown}
 D - a scroll of blinking {unknown}
Potions
 e - 2 potions of curing
 k - a potion of mutation {unknown}
 w - a potion of haste {unknown}
 z - a potion of lignification {unknown}
Books
 b - a book of Changes

   Spells                             Type                      Level
   a - Beastly Appendage              Transmutation                1
   b - Sticks to Snakes               Transmutation                2
   c - Spider Form                    Transmutation/Poison         3
   d - Ice Form                       Ice/Transmutation            4
   e - Blade Hands                    Transmutation                5
Miscellaneous
 m - a plain deck of escape
 n - a plain deck of war
Comestibles
 f - 2 fruits
 t - a meat ration
 v - a bread ration


   Skills:
 + Level 1.7 Fighting
 + Level 0.2 Short Blades
 * Level 4.6 Dodging
 + Level 4.1 Stealth
 + Level 3.9 Unarmed Combat
 + Level 2.2 Spellcasting
 + Level 2.1 Transmutations


You had 3 spell levels left.
You knew the following spells:

 Your Spells              Type           Power        Failure   Level  Hunger
a - Beastly Appendage     Trmt           #.....       12%         1    #......
b - Sticks to Snakes      Trmt           #.........   14%         2    ###....
c - Spider Form           Trmt/Pois      #.........   43%         3    ###....


Dungeon Overview and Level Annotations

Branches:
Dungeon (4/15)
 Temple: D:4-7

Altars:
Cheibriados
Kikubaaqudgha
Nemelex Xobeh
Xom
The Shining One


Innate Abilities, Weirdness & Mutations

You cannot wear most types of armour.
You are amphibious.
You can wear up to eight rings at the same time.
You can use your tentacles to constrict eight enemies at once.
Your skin changes colour to match your surroundings (Stealth).
Your rubbery body absorbs attacks (AC +1).


Message History

You feel sick.
The orc wizard hits you but does no damage.
You hit the orc wizard but do no damage.
Your grab misses the orc wizard.
You feel sick. The ogre misses you. The orc wizard hits you with a dagger.
You hit the orc wizard but do no damage.
You grab the orc wizard. You constrict the orc wizard.
You feel sick. The ogre hits you with a giant club!!
* * * LOW HITPOINT WARNING * * *
The orc wizard struggles to escape constriction.
You hit the orc wizard but do no damage.
You tentacle-slap the orc wizard.
The orc wizard is moderately wounded.
You constrict the orc wizard.
* * * LOW HITPOINT WARNING * * *
You feel sick. The ogre misses you.
The orc wizard gestures at you while chanting.
The magic dart hits you!
You die...
Your body disappears without a glow.

...... ...... ######
...... #....#####......
#########...............
........................
.................o......
.........####...@Oo.....
.........#..######......
.........#..#....# .....
....##'###..#....# ....
....#...##..##...# ...
....#...##..##...# ..
....#...'....'<..# .
....######..###### #####
#..#


You could see an ogre and 2 orc wizards.

Vanquished Creatures
  2 vampire bats (D:2)
  Crazy Yiuf (D:3)
  An orc wizard (D:4)
  Robin (D:2)
  A gnoll (D:2)
  5 adders
  An ooze (D:2)
  3 worms
  5 giant geckos
  3 orcs
  11 bats
  A bat skeleton (D:2)
  4 bat zombies (D:2)
  4 giant cockroaches
  14 goblins
  8 hobgoblins
  6 jackals
  A quokka (D:2)
  A ball python (D:3)
  A giant gecko skeleton (D:4)
  8 giant newts
  12 kobolds
  10 rats
104 creatures vanquished.

Notes
Turn   | Place    | Note
--------------------------------------------------------------
     0 | D:1      | magog001 the Octopode Transmuter began the quest for the Orb.
     0 | D:1      | Reached XP level 1. HP: 13/13 MP: 3/3
   755 | D:1      | Reached XP level 2. HP: 16/18 MP: 5/5
  1369 | D:1      | Learned a level 2 spell: Sticks to Snakes
  1481 | D:1      | Reached skill level 1 in Stealth
  1481 | D:1      | Reached XP level 3. HP: 23/23 MP: 6/6
  2219 | D:2      | Reached XP level 4. HP: 23/28 MP: 7/7
  2394 | D:2      | Found a faded altar to an unknown god.
  2411 | D:2      | Became a worshipper of Nemelex Xobeh the Trickster
  2411 | D:2      | Received a gift from Nemelex Xobeh
  2411 | D:2      | Reached * piety under Nemelex Xobeh
  2411 | D:2      | Received a gift from Nemelex Xobeh
  2510 | D:2      | Found a shimmering altar of Xom.
  2655 | D:2      | Noticed Robin
  2682 | D:2      | Killed Robin
  2740 | D:2      | Learned a level 3 spell: Spider Form
  3087 | D:2      | Found a snail-covered altar of Cheibriados.
  3093 | D:2      | Reached XP level 5. HP: 33/33 MP: 8/8
  3369 | D:2      | Found an ancient bone altar of Kikubaaqudgha.
  3387 | D:2      | Reached skill level 4 in Dodging
  3544 | D:3      | Reached XP level 6. HP: 28/39 MP: 9/9
  3852 | D:3      | Found a glowing golden altar of the Shining One.
  4086 | D:3      | Reached ** piety under Nemelex Xobeh
  4255 | D:3      | Noticed Crazy Yiuf
  4263 | D:3      | Killed Crazy Yiuf
  4606 | D:4      | Killed from afar by an orc wizard

Action                   |  1- 3 |  4- 6 || total
-------------------------+-------+-------++-------
Melee: Unarmed           |    91 |    52 ||   143
       Dagger            |       |   113 ||   113
 Cast: Beastly Appendage |     3 |     1 ||     4
       Sticks to Snakes  |     1 |       ||     1
  Use: Scroll            |       |     4 ||     4
 Stab: Sleeping          |     4 |    18 ||    22
  Eat: Bread ration      |     1 |       ||     1
       Chunk             |       |     5 ||     5
       Fruit             |       |     2 ||     2
